cohdb
Replays
Latest Replays
All Replays
Popular Replays
Top Player Replays
Match Explorer
How It Works
Community
CoH3 Stats
Reddit
Sign in to upload your games and track your stats! →
Sign in with Steam
Match 41808506
Unlisted
Match 41808506
Overview
Messages
Build Orders
End
Selects Special Operations Battlegroup
Selects M29 Weasel Recon Vehicle
M29 Weasel Recon Vehicle
Construct Barracks
Riflemen Squad
Riflemen Squad
Mechanized Support Center
Engineer Squad
Engineer Squad
Construct Medical Station
Construct Tank Depot
M4A1 Sherman Medium Tank
Selects Raiding Flares
Selects SSF Commando Squad
SSF Commando Squad
Designate Forward Repair Station
M4A1 Sherman Medium Tank
M4A1 76mm Conversion
Engineer Squad
Engineer Squad
SSF Commando Squad
FooKilla
MOSH MOSHI
カルト_くん
ITS ME
0
0
Comments
sign in to comment!
No comments posted yet!